 Dungeon Crawl Stone Soup version 0.26-a0-1132-ge9770dfcb6 (webtiles) character file.

Game seed: 37204815060894456

33 tilp the Changer (level 3, -2/23 HPs)
             Began as an Octopode Transmuter on Dec 20, 2020.
             Was an Initiate of Ashenzari.
             Killed from afar by an orc wizard (8 damage)
             ... with a magic dart
             ... on level 3 of the Dungeon.
             The game lasted 00:02:40 (1393 turns).

tilp the Changer (Octopode Transmuter)              Turns: 1393, Time: 00:02:41

Health: -2/23      AC:  1    Str:  9    XL:     3   Next: 29%
Magic:  5/6        EV: 13    Int: 16    God:    Ashenzari [......]
Gold:   96         SH:  0    Dex: 12    Spells: 3/6 levels left

rFire    . . .     SeeInvis .     - Unarmed
rCold    . . .     Faith    .   (no shield)
rNeg     . . .     Spirit   .   (helmet restricted)
rPois    .         Reflect  .   (no amulet)
rElec    .         Harm     .   (no ring)
rCorr    .         Rampage  .   (no ring)
Will     .....                  (no ring)
Stlth    ++........             (no ring)
HPRegen  0.07/turn              (no ring)
MPRegen  0.10/turn              (no ring)
                                (no ring)
                                (no ring)

@: wereblooded (expiring)
A: almost no armour, stealthy swim, amphibious, 8 rings, constrict 8, camouflage
1, gelatinous body 1
a: Renounce Religion, Curse Item


You were on level 3 of the Dungeon.
You worshipped Ashenzari.
Ashenzari was noncommittal.
You visited 1 branch of the dungeon, and saw 3 of its levels.

You collected 96 gold pieces.

Inventory:

Missiles
 a - 18 stones (quivered)
 j - 2 datura-tipped darts
Jewellery
 i - an uncursed ring of positive energy
Scrolls
 d - a scroll of fog {unknown}
 g - 2 scrolls of teleportation {unknown}
 h - a scroll of enchant weapon {unknown}
Potions
 b - a potion of lignification {unknown}
 c - a potion of degeneration {unknown}
 e - a potion of might {unknown}
 f - a potion of heal wounds {unknown}


   Skills:
 - Level 1.0 Fighting
 - Level 2.0 Dodging
 - Level 3.0 Unarmed Combat
 - Level 2.0 Spellcasting
 + Level 3.6 Transmutations


You had 3 spell levels left.
You knew the following spells:

 Your Spells              Type           Power        Failure   Level
a - Beastly Appendage     Tmut           26%          4%          1
b - Wereblood             Tmut           13%          7%          2

Your spell library contained the following spells:

 Spells                   Type           Power        Failure   Level
 Spider Form              Tmut/Pois      3%           30%         3
 Ice Form                 Ice/Tmut       7%           69%         4
 Blade Hands              Tmut           6%           78%         5


Dungeon Overview and Level Annotations

Branches:
Dungeon (2/15)

Altars:
Ashenzari

Annotations:
D:2 Natasha


Innate Abilities, Weirdness & Mutations

You cannot wear most types of armour.
You are very stealthy in the water. (Stealth+)
You are amphibious.
You can wear up to eight rings at the same time.
You can use your tentacles to constrict eight enemies at once.
Your skin changes colour to match your surroundings (Stealth+).
Your rubbery body absorbs attacks. (AC +1, EV +1)


Message History

You see here a +0 dagger.
You bludgeon the jackal!
You kill the jackal!
A jackal and a hobgoblin come into view.
You howl as the wereblood boils in your veins!
Your primal bloodlust is almost over.
The hobgoblin shouts!
The jackal barks!
You hear a shout!
Something hits you.
You see here a +0 short sword.
You closely miss something.
Your tentacle spike misses something.
Your squeeze misses something.
You howl as the wereblood boils in your veins!
You tentacle-slap something.
Your tentacle spike misses something.
Your tentacle spike disappears.
Something hits you.
* * * LOW HITPOINT WARNING * * *
The quokka barely misses you.
A magic dart appears from out of thin air!
The magic dart hits you!
You die...

#.. #.. # # #.. .#
.# #..####.#..#
#.##...........
......h......
#..g{.....# #)# #@#
# ##r#####.#
#..†.)...#
#....#..##..#
.......#...#..#..#
#......#...#.....#
#...####...####..#
#...#⌠.#.+.#.⌠...###
... #.........# ...#


You could see a quokka, a jackal and a hobgoblin.

Vanquished Creatures
  A dart slug (D:1)
  2 leopard geckos
  2 orcs (D:3)
  2 bats
  6 goblins
  2 hobgoblins (D:1)
  A jackal (D:3)
  6 kobolds
  A ball python (D:1)
  A frilled lizard (D:1)
  2 rats
26 creatures vanquished.

Notes
Turn   | Place    | Note
-------+----------+-------------------------------------------
     0 | D:1      | tilp the Octopode Transmuter began the quest for the Orb.
     0 | D:1      | Reached XP level 1. HP: 13/13 MP: 3/3
   354 | D:1      | Reached XP level 2. HP: 18/18 MP: 3/5
   358 | D:1      | Learned a level 2 spell: Wereblood
  1142 | D:2      | Noticed Natasha
  1327 | D:2      | You fall into a shaft and drop 1 floor!
  1333 | D:3      | Found a broken altar of Ashenzari.
  1343 | D:3      | Reached XP level 3. HP: 23/23 MP: 4/6
  1347 | D:3      | Became a worshipper of Ashenzari the Shackled
  1393 | D:3      | Killed from afar by an orc wizard

Illustrated notes

Levels and vault maps discovered:
D:1:      dpeg_arrival_round_b, layout_basic, minivault_24,
          minmay_misc_feat_enclosed, hex_intersection, serial_bayou_pond_e,
          minivault_11
D:2:      layout_basic, uniq_natasha
D:3:      layout_basic, evilmike_ruin_ashenzari, uniq_grinder

Skill      XL: |  1  2 |
---------------+-------+-----
Transmutations | 3 |  3.6
Fighting       | |  1.0
Dodging        | |  2.0
Unarmed Combat | |  3.0
Spellcasting   | |  2.0

Action                   || total
-------------------------++-------
Melee: Unarmed           ||    43
       Kick              ||    11
       Constrict         ||    12
       Tentacles         ||     4
Throw: Stone             ||    34
 Cast: Beastly Appendage ||    16
       Wereblood         ||     1
  Use: Scroll            ||     1
 Stab: Sleeping          ||     1
Armor: Skin              ||     3
Dodge: Dodged            ||    20

Table legend: (Time is in decaauts)
 A = Elapsed time spent in this place.
 B = Non-inter-level travel time spent in this place.
 C = Inter-level travel time spent in this place.
 D = Time resting spent in this place.
 E = Time spent auto-exploring this place.
 F = Levels seen in this place.
 G = Mean time per level.
                   A        B        C        D        E       F      G
               +--------+--------+--------+--------+--------+-----+--------+
         Total |   1393 |   1373 |     20 |    426 |    727 |   3 |  464.3 |
       Dungeon |   1393 |   1373 |     20 |    426 |    727 |   3 |  464.3 |
               +--------+--------+--------+--------+--------+-----+--------+

Top non-repeatable levels by time:
     D:1: 1129 daAuts
     D:2: 198 daAuts
     D:3: 64 daAuts
